[Event "Rated Blitz tournament spring21"]
[Site "?"]
[Date "2021.04.10"]
[Round "?"]
[White "intobolivian"]
[Black "Fairy_Wren"]
[Result "1-0"]
[ECO "C46"]
[WhiteElo "2511"]
[BlackElo "2223"]
[PlyCount "41"]
[EventDate "2021.??.??"]
[EventType "blitz"]
[TimeControl "300"]

1. e4 e5 2. Nf3 Nc6 3. Nc3 Nf6 4. Nxe5 Nxe5 5. d4 Ng6 6. e5 Ng8 7. Qf3 d5 8.
Qxd5 Qxd5 9. Nxd5 Kd8 10. Bc4 Be6 11. O-O N8e7 12. Ne3 Bxc4 13. Nxc4 Nd5 14. f4
c5 15. f5 Nge7 16. Nd6 cxd4 17. Nxf7+ Ke8 18. Nxh8 Nc6 19. e6 Bc5 20. Kh1 Ne5
21. Bf4 {Normal} 1-0

[Event "Rated Blitz tournament spring21"]
[Site "?"]
[Date "2021.04.10"]
[Round "?"]
[White "vovaches"]
[Black "Iwasinelectrical"]
[Result "1-0"]
[ECO "C46"]
[WhiteElo "2520"]
[BlackElo "2251"]
[PlyCount "105"]
[EventDate "2021.??.??"]
[EventType "blitz"]
[TimeControl "300"]

1. e4 e5 2. Nf3 Nc6 3. Nc3 Nf6 4. Nxe5 Nxe5 5. d4 Ng6 6. e5 Bb4 7. exf6 Qxf6 8.
Be2 O-O 9. O-O c6 10. Ne4 Qd8 11. c3 Be7 12. Bd3 d5 13. Ng3 Bd6 14. Nf5 Bxf5
15. Bxf5 Qf6 16. Qh5 Rfe8 17. Be3 h6 18. Rfe1 Nf4 19. Bxf4 Bxf4 20. g3 Bd6 21.
Bc2 a5 22. a4 Re6 23. Bf5 Re7 24. Rxe7 Qxe7 25. Bd3 Qf6 26. Re1 Qg5 27. Qf3 Qd2
28. Re2 Qg5 29. Kg2 Qd8 30. h4 Qd7 31. h5 Re8 32. Qf5 Re6 33. Qh7+ Kf8 34. Bf5
Ke7 35. Bxe6 fxe6 36. Qxg7+ Kd8 37. Qxh6 e5 38. dxe5 Bc5 39. Qf6+ Kc7 40. h6
Qg4 41. h7 Qxe2 42. h8=Q Qe4+ 43. Qf3 Qxa4 44. e6 Qc2 45. Qe5+ Kb6 46. e7 Bxe7
47. Qxe7 Qxb2 48. Qd8+ Ka6 49. Qd3+ b5 50. Qa8+ Kb6 51. Qd4+ Kc7 52. Qaa7+ Kd6
53. Qf6# {Normal} 1-0

[Event "Rated Blitz tournament spring21"]
[Site "?"]
[Date "2021.04.10"]
[Round "?"]
[White "vovaches"]
[Black "BughouseKnight"]
[Result "1-0"]
[ECO "C46"]
[WhiteElo "2455"]
[BlackElo "2457"]
[PlyCount "59"]
[EventDate "2021.??.??"]
[EventType "blitz"]
[TimeControl "300"]

1. e4 e5 2. Nf3 Nc6 3. Nc3 Nf6 4. Nxe5 Nxe5 5. d4 Ng6 6. e5 Ng8 7. Bc4 d6 8.
Qf3 Qd7 9. O-O dxe5 10. Re1 Bb4 11. dxe5 Bxc3 12. bxc3 Qe7 13. a4 Be6 14. Ba3
Bxc4 15. Bxe7 N8xe7 16. Qxb7 O-O 17. Qxc7 Rac8 18. Qxa7 Be6 19. a5 Rxc3 20. a6
Rfc8 21. Qb7 Bd5 22. Qb6 R3c6 23. Qb5 Bc4 24. Qb4 Bxa6 25. Rad1 Rxc2 26. h3 h6
27. e6 f6 28. Rd7 Kf8 29. Qb6 Bc4 30. Qd8+ {Normal} 1-0

[Event "Rated Blitz tournament spring21"]
[Site "?"]
[Date "2021.04.10"]
[Round "?"]
[White "waltereador"]
[Black "Puedolograrlo"]
[Result "0-1"]
[ECO "C46"]
[WhiteElo "2313"]
[BlackElo "2426"]
[PlyCount "144"]
[EventDate "2021.??.??"]
[EventType "blitz"]
[TimeControl "300"]

1. e4 e5 2. Nf3 Nf6 3. Nc3 Nc6 4. Nxe5 Nxe5 5. d4 Ng6 6. e5 Ng8 7. Bc4 d5 8.
Nxd5 Be6 9. Qf3 c6 10. Ne3 Qxd4 11. Bxe6 fxe6 12. O-O O-O-O 13. Rd1 Qxe5 14.
Rxd8+ Kxd8 15. Bd2 Nf6 16. Rd1 Kc8 17. Bc3 Qe4 18. Qg3 Bc5 19. h3 Bxe3 20. fxe3
e5 21. Qf2 Nd5 22. Bd2 Qxc2 23. Rc1 Qxb2 24. Qf5+ Kb8 25. Qe6 Qxd2 26. Qd6+ Ka8
27. Rxc6 bxc6 28. Qxc6+ Kb8 29. Qd6+ Kb7 30. Qd7+ Nc7 31. Qxd2 Re8 32. h4 e4
33. h5 Ne5 34. Qb4+ Kc8 35. Qxe4 g6 36. hxg6 Nxg6 37. Qg4+ Kb7 38. Qf3+ Kc8 39.
Qh3+ Kb7 40. Qxh7 Ne5 41. Qe4+ Kc8 42. Qf5+ Kb7 43. g4 Nc6 44. g5 Rxe3 45. g6
Re5 46. Qb1+ Kc8 47. Kh2 Rg5 48. Kh3 Ne5 49. Kh4 Rxg6 50. Qf5+ Re6 51. Qf8+ Kd7
52. Qa3 Nc6 53. Qd3+ Rd6 54. Qe3 Rd4+ 55. Kg3 Rd5 56. Kf2 Rf5+ 57. Kg1 Re5 58.
Qd3+ Ke6 59. Qg6+ Kd7 60. Qf7+ Re7 61. Qc4 Re6 62. Qd3+ Rd6 63. Qf5+ Re6 64.
Qf7+ Kd6 65. Qf4+ Kd7 66. Qa4 Kd6 67. Qd1+ Nd5 68. Qb3 Rg6+ 69. Kh1 Re6 70.
Qa3+ Ke5 71. Qa6 Nd4 72. Qxa7 Rh6+ {Time forfeit} 0-1

[Event "Rated Blitz game"]
[Site "?"]
[Date "2021.04.10"]
[Round "?"]
[White "Henry940622"]
[Black "chesszerorfl"]
[Result "1-0"]
[ECO "C46"]
[WhiteElo "2319"]
[BlackElo "2425"]
[PlyCount "77"]
[EventDate "2021.??.??"]
[EventType "blitz"]
[TimeControl "180"]

1. e4 e5 2. Nf3 Nc6 3. Nc3 Nf6 4. Nxe5 Nxe5 5. d4 Nc6 6. d5 Bc5 7. dxc6 bxc6 8.
Bd3 O-O 9. O-O h6 10. e5 Nd5 11. Ne4 Be7 12. a3 d6 13. f4 f5 14. exf6 Nxf6 15.
Nxf6+ Bxf6 16. Qh5 Qe8 17. Bg6 Qe6 18. f5 Qe7 19. Bd2 Bxb2 20. Rae1 Qf6 21. Rf3
Bd7 22. Bxh6 gxh6 23. Rg3 Bd4+ 24. Kh1 Be5 25. Qxh6 Qg7 26. Bh7+ Kh8 27. Rxg7
Bxg7 28. Qh5 Be5 29. Bg6+ Kg7 30. Qh7+ Kf6 31. Qh4+ Kg7 32. Qe7+ Kh6 33. h4 Rh8
34. Qg5+ Kg7 35. f6+ Kf8 36. Rxe5 dxe5 37. Qxe5 Re8 38. Bxe8 Bxe8 39. Qe7+ {
Normal} 1-0

[Event "Rated Blitz tournament spring21"]
[Site "?"]
[Date "2021.04.10"]
[Round "?"]
[White "Pepeoutai"]
[Black "legato"]
[Result "0-1"]
[ECO "C46"]
[WhiteElo "2375"]
[BlackElo "2434"]
[PlyCount "100"]
[EventDate "2021.??.??"]
[EventType "blitz"]
[TimeControl "300"]

1. e4 e5 2. Nf3 Nc6 3. Nc3 Nf6 4. Nxe5 Nxe5 5. d4 Nc6 6. d5 Bb4 7. dxc6 bxc6 8.
Bd3 d5 9. exd5 O-O 10. O-O Bg4 11. Qd2 cxd5 12. Qf4 Bd6 13. Qa4 Bd7 14. Qh4 c6
15. Bg5 h6 16. Bxf6 Qxf6 17. Qxf6 gxf6 18. Rfe1 Rab8 19. Rab1 Rfe8 20. Rxe8+
Bxe8 21. Kf1 Be5 22. Nd1 c5 23. c3 Bc6 24. f3 c4 25. Bc2 d4 26. cxd4 Bxd4 27.
Nf2 Rxb2 28. Rxb2 Bxb2 29. Ne4 Kf8 30. Ke2 Ke7 31. Kd2 Be5 32. g3 Ke6 33. Ke3
Kd5 34. Nd2 Bd4+ 35. Ke2 Kc5 36. Be4 Bb5 37. Kd1 Kb4 38. Bd5 Ba4+ 39. Ke2 c3
40. Nb3 Bb6 41. Kd3 Bb5+ 42. Kc2 a5 43. Bxf7 Bc6 44. a3+ Kxa3 45. Kxc3 a4 46.
Nd4 Bxd4+ 47. Kxd4 Kb2 48. f4 a3 49. g4 Ba4 50. h4 Bb3 {Normal} 0-1

[Event "Rated Blitz game"]
[Site "?"]
[Date "2021.04.09"]
[Round "?"]
[White "brunosten"]
[Black "africanmorphy"]
[Result "1-0"]
[ECO "C46"]
[WhiteElo "2446"]
[BlackElo "2326"]
[PlyCount "57"]
[EventDate "2021.??.??"]
[EventType "blitz"]
[TimeControl "180"]

1. e4 e5 2. Nf3 Nf6 3. Nc3 Nc6 4. Nxe5 Nxe5 5. d4 Ng6 6. e5 Ng8 7. Bc4 d6 8.
Qf3 Be6 9. Qxb7 dxe5 10. Bb5+ Bd7 11. O-O Bxb5 12. Nxb5 Bd6 13. dxe5 Nxe5 14.
Re1 Ne7 15. Bg5 f6 16. Rad1 Rb8 17. Nxd6+ cxd6 18. Qxa7 fxg5 19. Rxe5 dxe5 20.
Rxd8+ Rxd8 21. h3 Rf8 22. a4 Rd1+ 23. Kh2 Rd2 24. Qb8+ Kf7 25. Qxe5 Rxf2 26. a5
Ng6 27. Qd5+ Ke7 28. Qc5+ Kf7 29. Qxf2+ {Normal} 1-0

[Event "Rated Blitz tournament BL4jA8rX"]
[Site "?"]
[Date "2021.04.09"]
[Round "?"]
[White "khalid_ontawar"]
[Black "BughouseKnight"]
[Result "1-0"]
[ECO "C46"]
[WhiteElo "2244"]
[BlackElo "2476"]
[PlyCount "69"]
[EventDate "2021.??.??"]
[EventType "blitz"]
[TimeControl "180"]

1. e4 e5 2. Nc3 Nc6 3. Nf3 Nf6 4. Nxe5 Nxe5 5. d4 Ng6 6. e5 Ng8 7. Bc4 Bb4 8.
Qf3 Qe7 9. O-O Bxc3 10. bxc3 Nh6 11. Qe4 O-O 12. f4 d6 13. Ba3 Bf5 14. Qe3 Rfe8
15. Rae1 Qd7 16. h3 d5 17. Bd3 Bxd3 18. Qxd3 c6 19. f5 Nf8 20. f6 g6 21. Qe3
Nf5 22. Qd2 Ne6 23. Rf3 Nh4 24. Rg3 Nf5 25. Rg4 h5 26. Rg5 Nxg5 27. Qxg5 Kh7
28. Rf1 Nh6 29. Bc1 Ng8 30. Rf4 c5 31. Rh4 Nxf6 32. exf6 Re1+ 33. Kf2 Rxc1 34.
Rxh5+ Kg8 35. Rh8+ {Normal} 1-0

[Event "Rated Blitz game"]
[Site "?"]
[Date "2021.04.09"]
[Round "?"]
[White "Petr_Kruglikov"]
[Black "Kingwannabe"]
[Result "0-1"]
[ECO "C46"]
[WhiteElo "2366"]
[BlackElo "2401"]
[PlyCount "134"]
[EventDate "2021.??.??"]
[EventType "blitz"]
[TimeControl "180+2"]

1. e4 Nf6 2. Nc3 e5 3. Nf3 Nc6 4. Nxe5 Nxe5 5. d4 Bb4 6. dxe5 Nxe4 7. Qd4 Nxc3
8. Qxb4 Nd5 9. Qg4 Kf8 10. Bg5 Qe8 11. O-O-O Nb6 12. Qd4 h6 13. Bf4 Qe6 14. Kb1
g5 15. Bg3 Kg7 16. h4 g4 17. Be2 h5 18. f3 gxf3 19. gxf3 Kf8 20. Qc5+ Ke8 21.
Qxc7 Qc6 22. Qxc6 dxc6 23. Bd3 Be6 24. b3 Ke7 25. c4 Rad8 26. Kc2 Rd7 27. Be4
Rhd8 28. Rxd7+ Rxd7 29. Rd1 Rxd1 30. Kxd1 f6 31. exf6+ Kxf6 32. Kd2 Nd7 33. Bf2
a6 34. Ke3 Nc5 35. Bc2 b5 36. Kd4 Nd7 37. c5 Bf5 38. Be4 Bxe4 39. fxe4 Ke6 40.
Bg3 Nf6 41. b4 Ng4 42. Bd6 Nf6 43. Ke3 Ne8 44. e5 Kf5 45. Kf3 Ng7 46. Ke3 Ne6
47. Kf3 Nd4+ 48. Kg3 Nc2 49. e6 Kxe6 50. Kf4 Nxb4 51. Kg5 Nxa2 52. Kxh5 b4 53.
Bf8 Nc3 54. Bg7 a5 55. Kg6 a4 56. h5 a3 57. h6 a2 58. h7 a1=Q 59. h8=Q Qg1+ 60.
Kh7 Qh1+ 61. Bh6 Qe4+ 62. Kg8 Qg6+ 63. Bg7 Qf7+ 64. Kh7 Ne4 65. Qc8+ Kd5 66.
Qa8 Nf6+ 67. Kh6 Qh5# {Normal} 0-1

[Event "Rated Blitz tournament y4YX31HL"]
[Site "?"]
[Date "2021.04.09"]
[Round "?"]
[White "EndritUruci"]
[Black "ajetm"]
[Result "1-0"]
[ECO "C46"]
[WhiteElo "2424"]
[BlackElo "2226"]
[PlyCount "47"]
[EventDate "2021.??.??"]
[EventType "blitz"]
[TimeControl "180"]

1. Nc3 Nc6 2. e4 e5 3. Nf3 Nf6 4. Nxe5 Nxe5 5. d4 Nc6 6. d5 Ne5 7. f4 Ng6 8. e5
Ng8 9. d6 cxd6 10. exd6 Qb6 11. Nb5 Kd8 12. Bc4 Nh6 13. Qd3 a6 14. Be3 Qa5+ 15.
b4 axb5 16. bxa5 bxc4 17. Bb6+ Ke8 18. Qe4+ Be7 19. O-O-O f5 20. Qe2 Kf7 21.
dxe7 Nxe7 22. Rhe1 Ng6 23. Rd6 Rf8 24. Qxc4# {Normal} 1-0

[Event "Rated Blitz tournament BL4jA8rX"]
[Site "?"]
[Date "2021.04.09"]
[Round "?"]
[White "ibad_KBPL"]
[Black "KLYBERN"]
[Result "1-0"]
[ECO "C46"]
[WhiteElo "2354"]
[BlackElo "2525"]
[PlyCount "79"]
[EventDate "2021.??.??"]
[EventType "blitz"]
[TimeControl "180"]

1. e4 e5 2. Nc3 Nc6 3. Nf3 Nf6 4. Nxe5 Nxe5 5. d4 Ng6 6. e5 d5 7. exf6 Be6 8.
fxg7 Bxg7 9. Be2 Qd7 10. Be3 O-O-O 11. Qd2 Bf5 12. O-O-O Rhe8 13. h3 Kb8 14. g4
Be6 15. f4 f5 16. g5 Nh4 17. Rhg1 Bf7 18. Rde1 a6 19. Bf2 Ng6 20. b3 Ne7 21.
Na4 Nc6 22. Nc5 Qc8 23. c3 Bf8 24. Nd3 Na7 25. Ne5 Be6 26. Kb1 c5 27. dxc5 Bxc5
28. Bxc5 Qxc5 29. g6 hxg6 30. Rxg6 Rc8 31. Kb2 Nb5 32. Bxb5 Qxb5 33. Qd4 Rg8
34. Rxe6 Rg2+ 35. Ka1 Qa5 36. Nd7+ Ka8 37. Nb6+ Kb8 38. Qe5+ Rc7 39. a4 Qc5 40.
Nd7+ {Normal} 1-0

[Event "Rated Blitz game"]
[Site "?"]
[Date "2021.04.09"]
[Round "?"]
[White "Pepeoutai"]
[Black "LuisMarini"]
[Result "1/2-1/2"]
[ECO "C46"]
[WhiteElo "2407"]
[BlackElo "2557"]
[PlyCount "69"]
[EventDate "2021.??.??"]
[EventType "blitz"]
[TimeControl "180+2"]

1. e4 e5 2. Nf3 Nc6 3. Nc3 Nf6 4. Nxe5 Nxe5 5. d4 Nc6 6. d5 Bb4 7. dxc6 bxc6 8.
Bd3 d5 9. exd5 O-O 10. O-O cxd5 11. Bg5 c6 12. Qf3 Re8 13. Bxf6 Qxf6 14. Qxf6
gxf6 15. Ne2 c5 16. c3 Ba5 17. Ng3 Rb8 18. Rab1 Bc7 19. Rfe1 Rxe1+ 20. Rxe1 Be6
21. b3 c4 22. bxc4 dxc4 23. Bf5 Bxg3 24. Bxe6 Bxf2+ 25. Kxf2 fxe6 26. Rxe6 Rb2+
27. Re2 Rb6 28. Ke3 Re6+ 29. Kf3 Rd6 30. Re4 Rd3+ 31. Re3 Rd2 32. Re2 Rd3+ 33.
Re3 Rd2 34. Re2 Rd3+ 35. Re3 {Normal} 1/2-1/2

[Event "Rated Blitz tournament 07t0IIY1"]
[Site "?"]
[Date "2021.04.08"]
[Round "?"]
[White "BorobudurBKD"]
[Black "Rkapriaga"]
[Result "1-0"]
[ECO "C46"]
[WhiteElo "2576"]
[BlackElo "2222"]
[PlyCount "59"]
[EventDate "2021.??.??"]
[EventType "blitz"]
[TimeControl "180"]

1. e4 e5 2. Nf3 Nc6 3. Nc3 Nf6 4. Nxe5 Nxe5 5. d4 Ng6 6. e5 Ng8 7. Bc4 Bb4 8.
O-O Bxc3 9. bxc3 d5 10. exd6 cxd6 11. Qf3 Nf6 12. Re1+ Kf8 13. h3 h6 14. Bd3 d5
15. Rb1 b6 16. c4 Bb7 17. c5 Rc8 18. a4 Kg8 19. a5 Kh7 20. axb6 axb6 21. Rxb6
Rc7 22. h4 h5 23. Bg5 Re8 24. Rxe8 Qxe8 25. Rxf6 gxf6 26. Qxh5+ Kg8 27. Bxf6
Qe1+ 28. Bf1 Ba6 29. Qh6 Qxf1+ 30. Kh2 {Normal} 1-0

[Event "Rated Blitz game"]
[Site "?"]
[Date "2021.04.08"]
[Round "?"]
[White "mincso"]
[Black "Chrobry1"]
[Result "0-1"]
[ECO "C46"]
[WhiteElo "2353"]
[BlackElo "2442"]
[PlyCount "74"]
[EventDate "2021.??.??"]
[EventType "blitz"]
[TimeControl "180+2"]

1. e4 e5 2. Nf3 Nf6 3. Nc3 Nc6 4. Nxe5 Nxe5 5. d4 Ng6 6. e5 Ng8 7. Bc4 c6 8.
Qf3 f5 9. Bxg8 Rxg8 10. Qxf5 d6 11. Qh5 Qh4 12. Qe2 Qxd4 13. exd6+ Qe5 14. Be3
Bf5 15. O-O-O O-O-O 16. Qc4 Bxd6 17. Bxa7 Qf4+ 18. Qxf4 Bxf4+ 19. Kb1 Rxd1+ 20.
Rxd1 Rd8 21. g3 Be5 22. Rxd8+ Kxd8 23. Bb6+ Kd7 24. Nd1 Ne7 25. Ne3 Be6 26. c4
h5 27. Kc2 Nf5 28. Kd3 Nxe3 29. Bxe3 b5 30. cxb5 cxb5 31. b3 Bf5+ 32. Kd2 Kc6
33. a4 g6 34. f3 Be6 35. Kc2 Bd5 36. f4 Bf6 37. Bd2 Bd4 {Time forfeit} 0-1

[Event "Rated Blitz tournament UoMuWH1Q"]
[Site "?"]
[Date "2021.04.08"]
[Round "?"]
[White "Pepeoutai"]
[Black "Wiljalba"]
[Result "1/2-1/2"]
[ECO "C46"]
[WhiteElo "2407"]
[BlackElo "2240"]
[PlyCount "118"]
[EventDate "2021.??.??"]
[EventType "blitz"]
[TimeControl "180"]

1. e4 e5 2. Nf3 Nc6 3. Nc3 Nf6 4. Nxe5 Nxe5 5. d4 Nc6 6. d5 Ne5 7. f4 Ng6 8. e5
d6 9. exf6 Qxf6 10. g3 Qe7+ 11. Qe2 Bg4 12. Qxe7+ Bxe7 13. Be2 h5 14. Bd2 O-O-O
15. O-O-O Bf6 16. Rde1 Rde8 17. Bd3 Ne7 18. Bc4 Nf5 19. Ne4 Rxe4 20. Rxe4 Bf3
21. Rhe1 Bxe4 22. Rxe4 Kd7 23. Bd3 g6 24. c4 Re8 25. Rxe8 Kxe8 26. b3 Bd4 27.
Be1 Bg1 28. h3 Bh2 29. Bxf5 gxf5 30. Kd1 h4 31. gxh4 Bxf4 32. Ke2 Bh6 33. Kf3
Ke7 34. Bg3 Kf6 35. Bf4 Bg7 36. Bd2 Kg6 37. Bg5 f6 38. Bd2 c6 39. Bf4 Bf8 40.
a4 a6 41. dxc6 bxc6 42. b4 d5 43. b5 cxb5 44. cxb5 axb5 45. axb5 Bc5 46. Be3 d4
47. Bf2 Bb6 48. Be1 f4 49. Kxf4 Kh5 50. Kf5 d3 51. Kxf6 Be3 52. Ke5 d2 53. Bxd2
Bxd2 54. Ke4 Be1 55. Kd5 Bg3 56. Kc6 Kxh4 57. b6 Kxh3 58. b7 Bf4 59. b8=Q Bxb8
{Normal} 1/2-1/2

[Event "Rated Blitz game"]
[Site "?"]
[Date "2021.04.08"]
[Round "?"]
[White "Din-don-dan"]
[Black "ScrappyCokko"]
[Result "0-1"]
[ECO "C46"]
[WhiteElo "2410"]
[BlackElo "2476"]
[PlyCount "78"]
[EventDate "2021.??.??"]
[EventType "blitz"]
[TimeControl "180"]

1. e4 Nc6 2. Nf3 e5 3. Nc3 Nf6 4. Nxe5 Nxe5 5. d4 Ng6 6. e5 Ng8 7. Bc4 d6 8.
Qf3 Be6 9. Bxe6 fxe6 10. Qxb7 Rb8 11. Qe4 d5 12. Qd3 Bb4 13. O-O Bxc3 14. bxc3
N8e7 15. h4 O-O 16. h5 Nf4 17. Bxf4 Rxf4 18. Rab1 Rb6 19. g3 Rf5 20. h6 g6 21.
Rxb6 axb6 22. a4 Nc6 23. Qb5 Na5 24. f4 Rf7 25. Rf2 Qd7 26. Qa6 Rf8 27. g4 Qxa4
28. f5 Qa1+ 29. Kg2 gxf5 30. gxf5 Qxc3 31. Qb5 Qxd4 32. Qd7 Qe4+ 33. Kg1 Qe1+
34. Kg2 Qxe5 35. f6 Qg5+ 36. Kf1 Qxh6 37. Rg2+ Kh8 38. Qg7+ Qxg7 39. Rxg7 Rxf6+
{Normal} 0-1

[Event "Rated Blitz game"]
[Site "?"]
[Date "2021.04.08"]
[Round "?"]
[White "maximsnigurov"]
[Black "kahvitauko"]
[Result "0-1"]
[ECO "C46"]
[WhiteElo "2508"]
[BlackElo "2458"]
[PlyCount "42"]
[EventDate "2021.??.??"]
[EventType "blitz"]
[TimeControl "180"]

1. e4 e5 2. Nf3 Nc6 3. Nc3 Nf6 4. Nxe5 Nxe5 5. d4 Nc6 6. d5 Ne5 7. f4 Ng6 8. e5
Ng8 9. d6 cxd6 10. exd6 Qf6 11. Nb5 Nxf4 12. Nc7+ Kd8 13. Nxa8 Bxd6 14. Be3 b6
15. Be2 Nxg2+ 16. Kd2 Nxe3 17. Kxe3 Bf4+ 18. Kf2 Qh4+ 19. Kg1 Be3+ 20. Kg2 Bb7+
21. Bf3 Qg4+ {Normal} 0-1

[Event "Rated Blitz game"]
[Site "?"]
[Date "2021.04.08"]
[Round "?"]
[White "kingsolver2018"]
[Black "mohammedarrami"]
[Result "0-1"]
[ECO "C46"]
[WhiteElo "2385"]
[BlackElo "2549"]
[PlyCount "58"]
[EventDate "2021.??.??"]
[EventType "blitz"]
[TimeControl "180"]

1. e4 e5 2. Nf3 Nf6 3. Nc3 Nc6 4. Nxe5 Nxe5 5. d4 Nc6 6. d5 Ne5 7. f4 Bd6 8.
fxe5 Bxe5 9. Bd3 d6 10. O-O Ng4 11. Bf4 Bxf4 12. Rxf4 Ne5 13. Qh5 O-O 14. Raf1
c6 15. Ne2 Qb6+ 16. Kh1 Qxb2 17. Ng3 g6 18. Qh6 Nxd3 19. Qxf8+ Kxf8 20. Rxf7+
Kg8 21. Rf8+ Kg7 22. cxd3 Bh3 23. R8f7+ Kg8 24. gxh3 cxd5 25. exd5 Qxa2 26. Ne4
Qxd5 27. R7f3 Qd4 28. Rf7 Qxd3 29. R1f4 Qxe4+ {Normal} 0-1

[Event "Rated Blitz tournament lFDMfQe5"]
[Site "?"]
[Date "2021.04.08"]
[Round "?"]
[White "Pacman2"]
[Black "MasterSonnevanck"]
[Result "0-1"]
[ECO "C46"]
[WhiteElo "2206"]
[BlackElo "2445"]
[PlyCount "96"]
[EventDate "2021.??.??"]
[EventType "blitz"]
[TimeControl "180+2"]

1. e4 e5 2. Nf3 Nc6 3. Nc3 Nf6 4. Nxe5 Nxe5 5. d4 Nc6 6. d5 Bb4 7. dxc6 bxc6 8.
Bd3 O-O 9. O-O d5 10. Bg5 h6 11. Bh4 Bxc3 12. bxc3 dxe4 13. Bxf6 Qxf6 14. Bxe4
Qxc3 15. Rb1 Be6 16. Bd3 Rab8 17. Qf3 Qf6 18. Qxc6 Rxb1 19. Rxb1 Bxa2 20. Qxf6
gxf6 21. Ra1 Rb8 22. h3 Rb1+ 23. Rxb1 Bxb1 24. Kf1 Ba2 25. Ke1 Kf8 26. Kd2 Bd5
27. g3 Ke7 28. Kc3 a5 29. Kd4 Kd6 30. c4 c5+ 31. Kc3 Bf3 32. Bh7 a4 33. Bg8 Bh5
34. Bh7 Bg6 35. Bg8 Ke7 36. f4 Kf8 37. g4 Kxg8 38. f5 Bxf5 39. gxf5 Kf8 40. Kb2
Ke7 41. Ka3 Kd6 42. Kxa4 Ke5 43. Kb5 Kd4 44. h4 h5 45. Kc6 Kxc4 46. Kd6 Kd4 47.
Ke7 Ke5 48. Kxf7 Kxf5 {Normal} 0-1

[Event "Rated Blitz game"]
[Site "?"]
[Date "2021.04.07"]
[Round "?"]
[White "highway_star"]
[Black "rzet"]
[Result "1-0"]
[ECO "C46"]
[WhiteElo "2403"]
[BlackElo "2295"]
[PlyCount "41"]
[EventDate "2021.??.??"]
[EventType "blitz"]
[TimeControl "180"]

1. e4 e5 2. Nf3 Nc6 3. Nc3 Nf6 4. Nxe5 Nxe5 5. d4 Nc6 6. d5 Nb8 7. e5 Ng8 8. d6
c6 9. Bc4 Qh4 10. Qe2 b5 11. Bb3 Na6 12. g3 Qh3 13. Qf3 f6 14. Nxb5 Rb8 15.
Nxa7 Nc5 16. Nxc8 Rxc8 17. Bf4 Nxb3 18. Qxb3 g5 19. Be3 fxe5 20. O-O-O Qe6 21.
Qxe6+ {Normal} 1-0

[Event "Rated Blitz game"]
[Site "?"]
[Date "2021.04.07"]
[Round "?"]
[White "highway_star"]
[Black "BlackShadow66"]
[Result "1/2-1/2"]
[ECO "C46"]
[WhiteElo "2402"]
[BlackElo "2309"]
[PlyCount "31"]
[EventDate "2021.??.??"]
[EventType "blitz"]
[TimeControl "180"]

1. e4 e5 2. Nf3 Nc6 3. Nc3 Nf6 4. Nxe5 Nxe5 5. d4 Ng6 6. e5 Ng8 7. Bc4 d5 8.
Bxd5 N8e7 9. Bg5 h6 10. Qf3 Be6 11. Bxb7 Rb8 12. Bc6+ Bd7 13. Bd5 Be6 14. Bc6+
Bd7 15. Bd5 Be6 16. Bc6+ {Normal} 1/2-1/2

[Event "Rated Blitz game"]
[Site "?"]
[Date "2021.04.07"]
[Round "?"]
[White "Henry940622"]
[Black "MonsieurPatate"]
[Result "0-1"]
[ECO "C46"]
[WhiteElo "2355"]
[BlackElo "2408"]
[PlyCount "88"]
[EventDate "2021.??.??"]
[EventType "blitz"]
[TimeControl "180"]

1. e4 e5 2. Nf3 Nc6 3. Nc3 Nf6 4. Nxe5 Nxe5 5. d4 Ng6 6. e5 Ng8 7. Bc4 d5 8.
Bxd5 c6 9. Bb3 Bb4 10. O-O Bxc3 11. bxc3 N8e7 12. f4 h5 13. Ba3 Bg4 14. Qd3 Bf5
15. Qe2 h4 16. Rae1 a5 17. e6 f6 18. Bc4 b5 19. Bd3 Qd5 20. Bc5 h3 21. Bxf5
Qxg2+ 22. Qxg2 hxg2 23. Bxg6+ Nxg6 24. Kxg2 Nh4+ 25. Kg1 Rh6 26. f5 Rh5 27. e7
Rg5+ 28. Kh1 Nxf5 29. Re6 Rc8 30. Rf3 Kf7 31. Re1 Rh8 32. Re2 Ke8 33. Re6 Ng3+
34. Rxg3 Rxg3 35. Rxc6 Kf7 36. Rc7 Re3 37. d5 Re2 38. d6 Rhxh2+ 39. Kg1 Rhg2+
40. Kf1 f5 41. Rc8 f4 42. Rf8+ Kg6 43. e8=Q+ Rxe8 44. Rxe8 Rxc2 {Time forfeit}
0-1

[Event "Rated Blitz game"]
[Site "?"]
[Date "2021.04.07"]
[Round "?"]
[White "ServasKaiser"]
[Black "TaStar"]
[Result "1-0"]
[ECO "C46"]
[WhiteElo "2690"]
[BlackElo "2224"]
[PlyCount "49"]
[EventDate "2021.??.??"]
[EventType "blitz"]
[TimeControl "180"]

1. e4 e5 2. Nf3 Nf6 3. Nc3 Nc6 4. Nxe5 Nxe5 5. d4 Nc6 6. e5 Ng8 7. Bc4 d6 8.
Be3 dxe5 9. Qf3 Qf6 10. Qg3 Be6 11. d5 Nb4 12. dxe6 fxe6 13. O-O-O Bd6 14. Ne4
Qe7 15. Bxe6 Nf6 16. Nxf6+ gxf6 17. Qh3 Nc6 18. Rhe1 Nd8 19. Bf5 O-O 20. Bh6
Rf7 21. Rd3 Kh8 22. Rg3 Nc6 23. Be6 Nd4 24. Bxf7 Qxf7 25. Bg7+ {Normal} 1-0

[Event "Rated Blitz game"]
[Site "?"]
[Date "2021.04.06"]
[Round "?"]
[White "Salimskyi"]
[Black "Bibekthing"]
[Result "0-1"]
[ECO "C46"]
[WhiteElo "2458"]
[BlackElo "2439"]
[PlyCount "120"]
[EventDate "2021.??.??"]
[EventType "blitz"]
[TimeControl "180"]

1. e4 e5 2. Nf3 Nc6 3. Nc3 Nf6 4. Nxe5 Nxe5 5. d4 Ng6 6. e5 Ng8 7. Bc4 d6 8.
Qf3 Qe7 9. Nd5 Qd8 10. Nb6 Qe7 11. Nxa8 dxe5 12. O-O Nf6 13. Bg5 e4 14. Qg3 Kd8
15. Rfe1 Qd6 16. Bxf6+ gxf6 17. Rxe4 Qxg3 18. hxg3 Bf5 19. Re2 Bd6 20. Bxf7 Kd7
21. Nxc7 Kxc7 22. Be6 Ne7 23. Bxf5 Nxf5 24. c3 h5 25. Rae1 h4 26. g4 Nh6 27.
Re4 Kd7 28. f3 Nf7 29. f4 h3 30. g3 Nh6 31. g5 Ng4 32. gxf6 h2+ 33. Kg2 h1=Q+
34. Rxh1 Rxh1 35. f7 Rh8 36. Kf3 Nf6 37. Re2 Rf8 38. c4 Rxf7 39. c5 Bc7 40. b4
Re7 41. Rxe7+ Kxe7 42. g4 Ke6 43. g5 Ne8 44. Ke4 Ng7 45. d5+ Kf7 46. f5 Bd8 47.
f6 Ne8 48. Kf5 Nxf6 49. gxf6 Bxf6 50. b5 Bd4 51. c6 bxc6 52. dxc6 Ke7 53. a4
Bb6 54. Ke5 Bc7+ 55. Kd5 Kf6 56. Kc5 Ke6 57. Kb4 Kd5 58. a5 Kd6 59. b6 a6 60.
bxc7 Kxc7 {Time forfeit} 0-1

[Event "Rated Blitz game"]
[Site "?"]
[Date "2021.04.06"]
[Round "?"]
[White "Salimskyi"]
[Black "czebeattilaGM"]
[Result "0-1"]
[ECO "C46"]
[WhiteElo "2458"]
[BlackElo "2454"]
[PlyCount "90"]
[EventDate "2021.??.??"]
[EventType "blitz"]
[TimeControl "180"]

1. e4 e5 2. Nf3 Nc6 3. Nc3 Nf6 4. Nxe5 Nxe5 5. d4 Nc6 6. d5 Bb4 7. dxc6 bxc6 8.
Bd3 O-O 9. O-O d5 10. e5 Ng4 11. Bf4 f6 12. exf6 Nxf6 13. Bg3 Bg4 14. f3 Bh5
15. Ne2 Bd6 16. Qd2 Bf7 17. b3 Qd7 18. Rae1 Rae8 19. Bxd6 cxd6 20. Ng3 Re5 21.
f4 Rxe1 22. Rxe1 Re8 23. Rxe8+ Qxe8 24. h3 Bg6 25. f5 Bf7 26. Kf2 Qe5 27. Qe3
g6 28. Qxa7 Qf4+ 29. Kg1 Qxg3 30. Qf2 Qxf2+ 31. Kxf2 Ne4+ 32. Ke3 gxf5 33. a4
Be6 34. a5 Bc8 35. a6 Kg7 36. a7 Bb7 37. Kf4 Kf6 38. g4 fxg4 39. hxg4 Ng5 40.
b4 Ba8 41. c3 h6 42. Ke3 Ke5 43. Bg6 Ne6 44. Be8 Nc7 45. Bd7 Nb5 {Normal} 0-1

[Event "Rated Blitz game"]
[Site "?"]
[Date "2021.04.06"]
[Round "?"]
[White "Salimskyi"]
[Black "Bugzilla"]
[Result "1/2-1/2"]
[ECO "C46"]
[WhiteElo "2455"]
[BlackElo "2640"]
[PlyCount "124"]
[EventDate "2021.??.??"]
[EventType "blitz"]
[TimeControl "180"]

1. e4 e5 2. Nf3 Nc6 3. Nc3 Nf6 4. Nxe5 Nxe5 5. d4 d6 6. dxe5 dxe5 7. Qxd8+ Kxd8
8. f3 Bc5 9. Bd2 Be6 10. O-O-O Ke7 11. a3 a6 12. Be2 h6 13. Nb1 Rhd8 14. Bb4
Bxb4 15. axb4 a5 16. Rxd8 Kxd8 17. bxa5 Rxa5 18. Na3 Nd7 19. Rd1 Ke7 20. Bc4
Rxa3 21. bxa3 Bxc4 22. Kb2 Nc5 23. Kc3 b5 24. Kb4 Ne6 25. a4 c5+ 26. Kc3 Be2
27. Rd2 b4+ 28. Kb2 Ba6 29. c3 bxc3+ 30. Kxc3 Nd4 31. a5 c4 32. Rb2 Nb3 33. Kb4
Kd6 34. Rc2 Kc6 35. h4 h5 36. g4 Nd4 37. Rf2 hxg4 38. fxg4 f6 39. h5 c3 40.
Kxc3 Ne2+ 41. Kb4 Nf4 42. Rc2+ Kd6 43. Rd2+ Kc7 44. h6 gxh6 45. Rh2 Be2 46.
Rxh6 Bxg4 47. Rxf6 Bf3 48. Rf5 Kd6 49. Rf6+ Ke7 50. Rh6 Bxe4 51. a6 Bd5 52. Kc3
Ne6 53. a7 Kd6 54. Rh8 e4 55. Kd2 Nc7 56. Rd8+ Kc5 57. Ke3 Kb6 58. Rd7 Bc6 59.
Rd6 Kb7 60. Rxc6 Kxc6 61. Kxe4 Kb7 62. a8=Q+ Kxa8 {Normal} 1/2-1/2